 Dungeon Crawl Stone Soup version 0.29.1-1-gd02db6906a (webtiles) character file.

Game seed: 8916026693405274951

72 Rasgorn the Digger (level 4, -5/26 HPs)
             Began as a Deep Elf Earth Elementalist on Sept 16, 2022.
             Killed from afar by Ijyb (15 damage)
             ... with a bolt of dispelling energy
             ... on level 3 of the Dungeon.
             The game lasted 00:16:53 (3290 turns).

Rasgorn the Digger (Deep Elf Earth Elementalist)    Turns: 3290, Time: 00:16:54

Health: -5/26      AC:  6    Str:  5    XL:     4   Next: 7%
Magic:  10/11      EV: 13    Int: 22    God:
Gold:   153        SH:  0    Dex: 15    Spells: 6/9 levels left

rFire   . . .      SeeInvis .   b - +2 dagger (vamp)
rCold   . . .      Faith    .   (no shield)
rNeg    . . .      Spirit   .   g - +0 robe
rPois   .          Reflect  .   l - +0 helmet
rElec   .          Harm     .   (no cloak)
rCorr   .          Rampage  .   u - +2 pair of gloves
Will    .....                   (no boots)
Stlth   ++........              (no amulet)
HPRegen 0.08/turn               (no ring)
MPRegen 0.12/turn               (no ring)

@: no status effects
A: no striking features
a: no special abilities


You were on level 3 of the Dungeon.
You visited 1 branch of the dungeon, and saw 3 of its levels.

You collected 153 gold pieces.

Inventory:

Hand Weapons
 a - a +0 sling
 b - a +2 vampiric dagger (weapon)
Missiles
 q - 3 throwing nets
Armour
 g - a +0 robe (worn)
 l - a +0 helmet (worn)
 u - a +2 pair of gloves (worn)
Scrolls
 c - a scroll of magic mapping {unknown}
 d - 2 scrolls of teleportation {unknown}
 h - a scroll of enchant armour {unknown}
 k - a scroll of noise {unknown}
 n - a scroll of summoning {unknown}
 o - 2 scrolls of fog {unknown}
 p - 6 scrolls of identify {unknown}
 r - a scroll of immolation {unknown}
 t - a scroll of poison {unknown}
Potions
 e - 2 potions of heal wounds {unknown}
 f - a potion of cancellation {unknown}
 i - a potion of curing {unknown}
 j - a potion of berserk rage {unknown}
 m - 2 potions of magic
 s - a potion of attraction {unknown}


   Skills:
 * Level 1.6 Fighting
 - Level 3.0 Dodging
 - Level 3.0 Stealth
 + Level 3.4 Spellcasting
 + Level 1.1 Transmutations
 * Level 4.0 Earth Magic


You had 6 spell levels left.
You knew the following spells:

 Your Spells              Type           Power      Damage    Failure   Level
a - Sandblast             Erth           42%        2d11      2%          1
b - Passwall              Tmut/Erth      12%        N/A       6%          2

Your spell library contained the following spells:

 Spells                   Type           Power      Damage    Failure   Level
 Magic Dart               Conj           12%        1d3       12%         1
 Stone Arrow              Conj/Erth      24%        3d8       16%         3
 Petrify                  Tmut/Erth      15%        N/A       38%         4


Dungeon Overview and Level Annotations

Branches:
Dungeon (3/15)

Altars:
Kikubaaqudgha
Nemelex Xobeh
Zin

Annotations:
D:3 Ijyb


Message History

The gnoll barely misses you.
Aiming: Sandblast (safe; 2% risk of failure)
Press: ? - help, Q - select action, (/) - cycle Shift-Dir - straight line, f/p - gnoll
Aim: a gnoll, wielding a +0 spear and wearing a +0 ring mail (almost dead, 87% to hit)
The blast of sand hits the gnoll.
You kill the gnoll!
An endoplasm comes into view.
Your Earth Magic skill increases to level 4!
You have reached level 4!
You feel clever.
An endoplasm is nearby!
Things that are here:
a +0 spear; a +0 ring mail Unknown command.
Unknown command.
The endoplasm quivers.
Aiming: Sandblast (safe; 2% risk of failure)
Press: ? - help, Q - select action, (/) - cycle Shift-Dir - straight line, f - endoplasm
Aim: an endoplasm (98% to hit)
The blast of sand hits the endoplasm!
You kill the endoplasm!
You start resting.
A gnoll is nearby!
Casting: Sandblast (safe; 2% risk of failure)
Confirm with . or Enter, or press ? or * to list all spells.
Aiming: Passwall (safe; 6% risk of failure)
Press: ? - help, Dir - move target You can't see that place. [the floor.]
The gnoll shouts!
You begin to meditate on the wall.
You continue meditating on the rock. x3
You finish merging with the rock.
You start resting.
Ijyb the Twisted Goblin comes into view.
She is wielding a +0 dagger and carrying a wand of quicksilver (13).
Ijyb shouts!
The gnoll shouts!
Ijyb zaps a wand.
The bolt of dispelling energy hits you!
Ijyb zaps a wand.
The bolt of dispelling energy hits you!
Ouch! That really hurt!
You die...

###............######.#.....#####
...............##...........# #
.....).....###.##....[......#####
...........##................##._
...........##..........[......##.
...........##...............####⌠
###........##....#############.##
#........##....# #...
#....g...##...@####### #...
#.....#####..........#######...
#.....# #....................
#.....#####.............##.....
#.........g.............##.####
..........................<##..
.........g...............####..
....................# #..
....................####..


You could see Ijyb and a gnoll.

Vanquished Creatures
  2 gnolls (D:3)
  A dart slug (D:1)
  5 bats
  4 endoplasms
  2 giant cockroaches
  7 goblins
  5 hobgoblins
  4 jackals (D:2)
  A quokka (D:2)
  4 ball pythons
  2 frilled lizards
  5 kobolds
  7 rats
49 creatures vanquished.

Notes
Turn   | Place    | Note
-------+----------+-------------------------------------------
     0 | D:1      | Rasgorn the Deep Elf Earth Elementalist began the quest for
                  | the Orb.
     0 | D:1      | Reached XP level 1. HP: 10/10 MP: 6/6
   101 | D:1      | Found a faded altar of an unknown god.
   112 | D:1      | Got Plato's Spellbook of Combat Magic
   191 | D:1      | Reached XP level 2. HP: 15/15 MP: 5/8
   542 | D:1      | Reached skill level 1 in Fighting
  1208 | D:2      | Reached XP level 3. HP: 20/20 MP: 3/9
  1390 | D:2      | Learned a level 2 spell: Passwall
  1942 | D:2      | Found a glowing silver altar of Zin.
  3130 | D:3      | Found a sparkling altar of Nemelex Xobeh.
  3130 | D:3      | Found an ancient bone altar of Kikubaaqudgha.
  3220 | D:3      | Reached skill level 4 in Earth Magic
  3220 | D:3      | Reached XP level 4. HP: 11/26 MP: 4/11
  3287 | D:3      | Noticed Ijyb
  3290 | D:3      | Killed from afar by Ijyb

Illustrated notes

Levels and vault maps discovered:
D:1:      grunt_arrival_crossed_arrows, layout_loops_ring,
          shapermc_ecumenical_altar_rom_forum
D:2:      layout_basic, basic_altar
D:3:      layout_basic, old_standard_altar, gammafunk_temple_overflow_statue,
          uniq_robin, uniq_ijyb

Skill      XL: |  1  2  3 |
---------------+----------+-----
Dodging        | 3 |  3.0
Stealth        | 3 |  3.0
Fighting       | 1 |  1.6
Earth Magic    | 4 |  4.0
Spellcasting   | |  3.4
Transmutations | |  1.1

Action                   |  1- 3 |  4- 6 || total
-------------------------+-------+-------++-------
Melee: Dagger            |     5 |       ||     5
 Cast: Sandblast         |    75 |     1 ||    76
       Passwall          |     3 |     1 ||     4
Armor: Robe              |    14 |       ||    14
Dodge: Dodged            |    38 |       ||    38
